 Dungeon Crawl Stone Soup version 0.21.1-1-g345015fe64 (webtiles) character file.

154 xarlom the Chopper (level 5, -10/47 HPs)
             Began as a Hill Orc Fighter on Apr 13, 2018.
             Splashed by a crimson imp's acid (16 damage)
             ... on level 5 of the Dungeon.
             The game lasted 00:10:40 (1822 turns).

xarlom the Chopper (Hill Orc Fighter)               Turns: 1822, Time: 00:10:41

Health: -10/47     AC:  3    Str: 20    XL:     5   Next: 35%
Magic:  5/5        EV:  7    Int:  8    God:
Gold:   98         SH:  9    Dex: 10    Spells: 4/4 levels left

rFire    . . .     SeeInvis +   a - +0 war axe
rCold    . . .     Gourm    .   c - +0 shield
rNeg     . . .     Faith    .   b - +0 scale mail
rPois    .         Spirit   .   (no helmet)
rElec    .         Reflect  .   (no cloak)
rCorr    .         Harm     .   (no gloves)
MR       +....                  (no boots)
Stlth    ..........             (no amulet)
HPRegen  0.15/turn              e - ring of protection from magic
MPRegen  0.09/turn              h - ring of see invisible

@: corroded
A: no striking features
a: no special abilities


You were on level 5 of the Dungeon.
You were not hungry.

You visited 1 branch of the dungeon, and saw 4 of its levels.

You collected 98 gold pieces.

Inventory:

Hand Weapons
 a - a +0 war axe (weapon)
Armour
 b - a +0 scale mail (worn)
 c - a +0 shield (worn)
Jewellery
 e - a ring of protection from magic (left hand)
 h - a ring of see invisible (right hand)
Scrolls
 g - a scroll of immolation {unknown}
 i - 7 scrolls of identify {unknown}
 k - a scroll of blinking {unknown}
 l - 4 scrolls of teleportation {unknown}
Potions
 d - a potion of might
 j - a potion of heal wounds {unknown}
Comestibles
 f - 2 rations


   Skills:
 + Level 4.6 Fighting
 * Level 5.4 Axes
 + Level 4.3 Armour
 - Level 3.2 Shields


You had 4 spell levels left.
You didn't know any spells.

Dungeon Overview and Level Annotations

Branches:
Dungeon (5/15)
 Temple: D:4-7

Altars:
Trog
Xom

Shops:
D:4 *

Annotations:
D:4 Dowan; Duvessa; Eustachio; Xenomina's ghost, weakling DgAE


Message History

This raw flesh tastes terrible.
All of the chunks of flesh in your inventory have rotted away.
HP restored.
A crimson imp comes into view.
The crimson imp shouts!
You hear an angry hiss.
The crimson imp blinks!
A leopard gecko comes into view.
The crimson imp zaps a wand.
The bolt of acid misses you.
It is a wand of acid (10).
The crimson imp zaps a wand.
The bolt of acid hits you! The acid corrodes you!
You are splashed with acid!
The acid burns!
The crimson imp blinks!
The crimson imp blinks!
You block the leopard gecko's attack.
Your shield and scale mail prevent you from hitting the leopard gecko.
The leopard gecko bites you.
The crimson imp zaps a wand.
The bolt of acid hits you!
* * * LOW HITPOINT WARNING * * *
You are splashed with acid!
The acid burns!
You die...

#.##. ... ...... #.#
##.#...# #.# .
..<....#### #.# ..
.........# #.# # ...
#....5...###.# ..
..##.#.#........#.#.
......##...###.......
.##.##....l@............
.......<................
........................
........................
.######.#############..#
...# ..# .....# #.....#
#.....#


You could see a crimson imp and a leopard gecko.

Vanquished Creatures
  An orc wizard (D:4)
  A hound (D:4)
  3 adders (D:4)
  A shadow imp (D:2)
  3 dart slugs
  A leopard gecko (D:1)
  2 orcs (D:4)
  5 giant cockroaches
  4 goblins
  8 hobgoblins
  3 jackals (D:1)
  10 bats (D:1)
  2 frilled lizards
  4 kobolds (D:1)
  3 rats
51 creatures vanquished.

Notes
Turn   | Place    | Note
-------+----------+-------------------------------------------
     0 | D:1      | xarlom the Hill Orc Fighter began the quest for the Orb.
     0 | D:1      | Reached XP level 1. HP: 19/19 MP: 1/1
    78 | D:1      | Reached skill level 3 in Axes
   156 | D:1      | Reached XP level 2. HP: 27/27 MP: 2/2
   334 | D:1      | Reached XP level 3. HP: 23/33 MP: 3/3
   884 | D:1      | Reached skill level 4 in Axes
  1094 | D:1      | You fall through a shaft!
  1117 | D:2      | Found a bloodstained altar of Trog.
  1165 | D:2      | You fall through a shaft for 2 floors!
  1165 | D:4      | Found Wufytiecw's Elemental Accessories.
  1187 | D:4      | Reached XP level 4. HP: 34/40 MP: 4/4
  1347 | D:4      | Reached skill level 5 in Axes
  1391 | D:4      | Reached XP level 5. HP: 21/47 MP: 5/5
  1439 | D:4      | Noticed Eustachio
  1472 | D:4      | Found a shimmering altar of Xom.
  1472 | D:4      | Noticed Dowan
  1473 | D:4      | Noticed Xenomina's ghost (weakling DgAE)
  1473 | D:4      | Noticed Duvessa
  1511 | D:4      | HP: 2/47 [Duvessa/short sword (10)]
  1512 | D:5      | Entered Level 5 of the Dungeon
  1822 | D:5      | Splashed by a crimson imp's acid

Skill      XL: |  1  2  3  4 |
---------------+-------------+-----
Axes           | 3 4 5 |  5.4
Fighting       | 4 |  4.6
Armour         | 4 |  4.3
Shields        | |  3.2

Action                   |  1- 3 |  4- 6 || total
-------------------------+-------+-------++-------
Melee: War axe           |   107 |    60 ||   167
  Eat: Chunk             |     1 |     2 ||     3
Armor: Scale mail        |    62 |    47 ||   109
Dodge: Dodged            |    47 |    15 ||    62
Block: Shield            |    77 |    52 ||   129
